 Dungeon Crawl Stone Soup version 0.19.0-9-gfd783f2 (webtiles) character file.

1056 tv1990 the Quickloader (level 8, -3/58 HPs)
             Began as a Formicid Arcane Marksman on Nov 7, 2016.
             Slain by a skeletal warrior
             ... wielding a +3 mace
             ... led by a death knight
              (28 damage)
             ... on level 12 of the Dungeon.
             The game lasted 00:11:53 (3334 turns).

tv1990 the Quickloader (Formicid Arcane Marksman)   Turns: 3334, Time: 00:11:54

Health: -3/58      AC:  9    Str: 17    XL:     8   Next: 51%
Magic:  18/18      EV:  7    Int: 12    God:
Gold:   197        SH:  0    Dex: 12    Spells: 1 memorised, 8 levels left

rFire  . . .     SeeInvis +     a - +1 hand crossbow
rCold  . . .     Gourm    .     g - +0 chain mail
rNeg   . . .     Faith    .     (no shield)
rPois  .         Spirit   .     (helmet unavailable)
rElec  .         Reflect  .     (no cloak)
rCorr  .         Harm     .     (no gloves)
MR     .....                    A - +0 pair of boots
Stlth  ..........               (no amulet)
                                (no ring)
                                x - ring of magical power

@: no status effects
A: permanent stasis, dig shafts and tunnels, four strong arms, antennae 3
a: Dig, Shaft Self


You were on level 12 of the Dungeon.
You were hungry.

You visited 1 branch of the dungeon, and saw 8 of its levels.

You collected 197 gold pieces.

Inventory:

Hand Weapons
 a - a +1 hand crossbow (weapon)
 k - a +0 spear
 v - a +2 halberd of freezing
 y - the +3 executioner's axe of Floods {protect, -Tele rPois Str+4 Int+4 SInv}
   (You found it on level 9 of the Dungeon)

   It protects the one who uses it against injury (+AC on strike).
   It affects your strength (+4).
   It affects your intelligence (+4).
   It protects you from poison.
   It lets you see invisible.
   It prevents most forms of teleportation.
Missiles
 d - 71 bolts (quivered)
Armour
 e - a +0 robe
 g - a +0 chain mail (worn)
 A - a +0 pair of boots (worn)
Jewellery
 x - a ring of magical power (left hand)
Wands
 h - a wand of random effects (25/48)
Scrolls
 b - 2 scrolls of remove curse
 s - a scroll of summoning {unknown}
 u - a scroll of enchant armour {unknown}
 B - a scroll of amnesia {unknown}
Potions
 i - 2 potions of haste {unknown}
 l - a potion of flight
 n - 2 potions of curing {unknown}
 o - a potion of invisibility {unknown}
 p - a potion of cure mutation
 t - a potion of brilliance {unknown}
Books
 c - a book of Debilitation

   Spells                             Type                      Level
   a - Corona                         Hexes                        1
   b - Slow                           Hexes                        2
   c - Gell's Gravitas                Hexes/Translocation          3
   d - Inner Flame                    Hexes/Fire                   3
   e - Cause Fear                     Hexes                        4
   f - Leda's Liquefaction            Hexes/Earth                  4
Comestibles
 f - 4 bread rations
 j - 3 meat rations
 m - a royal jelly
 q - 3 beef jerkies
 w - 2 slices of pizza
 z - 7 chunks of flesh


   Skills:
 - Level 3.1 Fighting
 * Level 9.2 Crossbows
 - Level 1.7 Dodging
 - Level 1.1 Spellcasting
 - Level 3.6 Hexes


You had 8 spell levels left.
You knew the following spells:

 Your Spells              Type           Power        Failure   Level  Hunger
a - Corona                Hex            #......      97%         1    ##.....


Dungeon Overview and Level Annotations

Branches:
Dungeon (10/15)              Lair (0/6) D:9
 Temple: D:4-7          Orc: D:9-12

Altars:
Ashenzari
Dithmenos
Elyvilon
Gozag
Hepliaklqana
Makhleb
Ru
Trog

Annotations:
D:4 Edmund


Innate Abilities, Weirdness & Mutations

You are under a permanent stasis effect.
You can dig through walls and to a lower floor.
Your four strong arms can wield two-handed weapons with a shield.
You have a pair of large antennae on your head. (SInv)


Message History

Press: ? - help, Shift-Dir - straight line, f/p - skeletal warrior
Aim: a skeletal warrior, wielding an enchanted mace (lightly damaged)
You shoot a bolt.
The bolt closely misses the skeletal warrior.
The quokka bites you but does no damage.
Firing (i - inventory):
d - 72 bolts (quivered)
Press: ? - help, Shift-Dir - straight line, f/p - skeletal warrior
Aim: a skeletal warrior, wielding an enchanted mace (lightly damaged)
You shoot a bolt.
The bolt hits the skeletal warrior but does no damage.
The skeletal warrior is lightly damaged.
The skeletal warrior hits you with an enchanted mace.
* * * LOW HITPOINT WARNING * * *
The quokka bites you.
* * * LOW HITPOINT WARNING * * *
Are you sure you want to shaft yourself?
You feel quite a bit more hungry. The quokka bites you.
* * * LOW HITPOINT WARNING * * *
The skeletal warrior hits you with an enchanted mace!!
You die...

.# #.......##..
.# ####.#### .#
#.# ## ##.# #..#
###'## #....###
+(..['.######...
#....#(z@r......
#....########...
#....# ###+##


You could see a skeletal warrior and a quokka.

Vanquished Creatures
  A hippogriff (D:9)
  Eustachio (D:4)
  An ogre (D:4)
  A phantom (D:10)
  A centaur (D:10)
  Blork the orc (D:4)
  A wyvern skeleton (D:10)
  2 orc priests
  An orc wizard (D:3)
  A bullfrog skeleton (D:9)
  An iguana (D:3)
  3 worker ants
  A worker ant zombie (D:3)
  8 adders
  2 dart slugs
  2 leopard geckos (D:1)
  9 orcs
  3 ball pythons
  7 giant cockroaches
  10 goblins
  7 hobgoblins
  7 kobolds
  3 quokkas
  4 bats
  2 frilled lizards
  7 rats
87 creatures vanquished.

Notes
Turn   | Place    | Note
-------+----------+-------------------------------------------
     0 | D:1      | tv1990 the Formicid Arcane Marksman began the quest for the Orb.
     0 | D:1      | Reached XP level 1. HP: 15/15 MP: 2/2
    98 | D:1      | Reached XP level 2. HP: 15/21 MP: 3/3
   217 | D:1      | Reached XP level 3. HP: 27/27 MP: 4/4
   272 | D:1      | Reached skill level 3 in Crossbows
   518 | D:2      | Found a hazy altar of Hepliaklqana.
   556 | D:2      | Found an opulent altar of Gozag.
   580 | D:2      | Reached XP level 4. HP: 23/34 MP: 5/5
   590 | D:2      | Found a white marble altar of Elyvilon.
   614 | D:2      | Found a bloodstained altar of Trog.
   616 | D:2      | Found a shattered altar of Ashenzari.
   618 | D:2      | Found a burning altar of Makhleb.
   997 | D:3      | Reached skill level 4 in Crossbows
  1004 | D:3      | Reached XP level 5. HP: 37/40 MP: 6/6
  1337 | D:3      | Found a shadowy altar of Dithmenos.
  1541 | D:3      | Reached skill level 5 in Crossbows
  1541 | D:3      | Reached XP level 6. HP: 47/47 MP: 7/7
  1746 | D:4      | Noticed Blork the orc
  1752 | D:4      | Noticed Eustachio
  1824 | D:4      | Noticed an ogre
  1828 | D:4      | Killed an ogre
  2077 | D:4      | Reached skill level 6 in Crossbows
  2138 | D:4      | Killed Eustachio
  2138 | D:4      | Reached XP level 7. HP: 38/52 MP: 8/8
  2172 | D:4      | Killed Blork the orc
  2172 | D:4      | Reached skill level 7 in Crossbows
  2395 | D:4      | Found a sacrificial altar of Ru.
  2492 | D:4      | Noticed Edmund
  2493 | D:4      | i don't wanna be abyssed
  2495 | D:4      | You fall through a shaft for 3 floors!
  2495 | D:7      | Noticed a hog
  2495 | D:7      | Noticed a hog
  2495 | D:7      | Noticed a hog
  2495 | D:7      | Noticed a hog
  2495 | D:7      | Noticed a human
  2498 | D:7      | You fall through a shaft for 3 floors!
  2498 | D:10     | Entered Level 10 of the Dungeon
  2755 | D:10     | Reached skill level 8 in Crossbows
  2755 | D:10     | Reached XP level 8. HP: 4/58 MP: 9/9
  3207 | D:9      | Found a staircase to the Lair.
  3220 | D:9      | Got an ichor-stained executioner's axe
  3221 | D:9      | Identified the +3 executioner's axe of Floods {protect, -Tele rPois Str+4 Int+4 SInv} (You found it on level 9 of the Dungeon)
  3233 | D:9      | Noticed a hippogriff
  3240 | D:9      | Killed a hippogriff
  3240 | D:9      | Reached skill level 9 in Crossbows
  3291 | D:9      | You fall through a shaft for 3 floors!
  3291 | D:12     | Noticed a skeletal warrior
  3293 | D:12     | Noticed a phantasmal warrior
  3293 | D:12     | Noticed a skeletal warrior
  3334 | D:12     | Slain by a skeletal warrior

Skill      XL: |  1  2  3  4  5  6  7  8 |
---------------+-------------------------+-----
Fighting       | 2 3 |  3.1
Crossbows      | 3 4 5 6 8 9 |  9.2
Dodging        | |  1.7
Spellcasting   | |  1.1
Hexes          | |  3.6

Action                   |  1- 3 |  4- 6 |  7- 9 || total
-------------------------+-------+-------+-------++-------
Melee: Executioner's axe |       |       |     1 ||     1
 Fire: Hand crossbow     |    71 |   123 |    94 ||   288
 Abil: Dig               |       |     1 |     1 ||     2
       Shaft Self        |       |       |     4 ||     4
  Use: Scroll            |     1 |     7 |     1 ||     9
  Eat: Chunk             |       |     4 |     4 ||     8
Armor: Chain mail        |    26 |    48 |    25 ||    99
Dodge: Dodged            |    14 |    24 |    21 ||    59

Table legend:
 A = Turns spent in this place as a percentage of turns spent in the entire game.
 B = Non-inter-level travel turns spent in this place as a percentage of non-inter-level travel turns spent in the entire game.
 C = Inter-level travel turns spent in this place as a percentage of turns spent in this place.
 D = Turns resting spent in this place as a percentage of non-inter-level travel turns spent in this place.
 E = Turns spent auto-exploring this place as a percentage of non-inter-level travel turns spent in this place.
 F = Non-inter-level travel turns spent in this place divided by the number of levels of this place that you've seen.
                   A       B       C       D       E      F
               +-------+-------+-------+-------+-------+----------------------
         Total | 100.0 | 100.0 |   0.9 |   2.6 |  25.2 |  85.9
       Dungeon | 100.0 | 100.0 |   0.9 |   2.6 |  25.2 |  85.9
               +-------+-------+-------+-------+-------+----------------------

Table legend:
 A = Kills in this place as a percentage of kills in entire the game.
 B = Kills by you in this place as a percentage of kills by you in the entire game.
 C = Kills by friends in this place as a percentage of kills by friends in the entire game.
 D = Other kills in this place as a percentage of other kills in the entire game.
 E = Experience gained in this place as a percentage of experience gained in the entire game.
 F = Experience gained in this place divided by the number of levels of this place that you have seen.
                   A       B       C       D       E      F
               +-------+-------+-------+-------+-------+----------------------
         Total | 100.0 | 100.0 |  -nan |  -nan | 100.0 | 188.6
       Dungeon | 100.0 | 100.0 |  -nan |  -nan | 100.0 | 188.6
               +-------+-------+-------+-------+-------+----------------------

Vault maps used:
D:1:      dpeg_arrival_lava_temple_mockup, supply_closet_lemuel, grunt_decor_cap
D:2:      overflow_temple_1_default, nicolae_overflow_hidden_temple, st_stairs_1
D:3:      grunt_dithmenos_smoke_and_mirrors, first_bread
D:4:      nicolae_ru_path_of_blood, minivault_5, uniq_edmund, uniq_eustachio,
          uniq_blork_the_orc
D:7:      enter_bailey_2, columned_hall_lemuel, grunt_livestock,
          tgw_kikubaaqudgha
D:9:      lemuel_coloured_pillars_altar, dpeg_oklobed_lair
D:10:     nrook_guardian_serpent_ordinary
D:12:     lab_entry_generic, uniq_snorg, uniq_psyche
